 Dungeon Crawl Stone Soup version 0.29.1-2-gbd0b4ee654 (webtiles) character file.

Game seed: 6925690839411873789

2156 NinjaNoafa the Basher (level 9, -1/70 HPs)
             Began as a Minotaur Fighter on Nov 16, 2022.
             Succumbed to a wight's poison
             ... on level 7 of the Dungeon.
             The game lasted 00:15:37 (5751 turns).

NinjaNoafa the Basher (Minotaur Fighter)            Turns: 5751, Time: 00:15:37

Health: -1/70      AC: 12    Str: 25    XL:     9   Next: 10%
Magic:  8/8        EV:  4    Int:  5    God:
Gold:   187        SH: 13    Dex: 16    Spells: 8/8 levels left

rFire   . . .      SeeInvis .   I - +1 war axe (freeze)
rCold   . . .      Faith    .   H - +0 tower shield
rNeg    . . .      Spirit   .   r - +0 chain mail
rPois   .          Reflect  .   (helmet restricted)
rElec   .          Harm     .   (no cloak)
rCorr   .          Rampage  .   c - +2 pair of gloves
Will    +....                   (no boots)
Stlth   ..........              (no amulet)
HPRegen 0.21/turn               F - ring of willpower
MPRegen 0.11/turn               A - +6 ring of dexterity

@: mighty, lethally poisoned (-1 -> -45)
A: horns 2, retaliatory headbutt
a: no special abilities


You were on level 7 of the Dungeon.
You visited 2 branches of the dungeon, and saw 8 of its levels.

You collected 279 gold pieces.
You spent 92 gold pieces at shops.

Inventory:

Hand Weapons
 t - a +1 war axe of flaming
 I - a +1 war axe of freezing (weapon)
Missiles
 e - 16 poisoned darts (quivered)
 i - 40 stones
 v - a throwing net
 y - 3 silver boomerangs
 z - 3 javelins
 E - 6 silver javelins
Armour
 c - a +2 pair of gloves (worn)
 r - a +0 chain mail (worn)
 H - a +0 tower shield (worn)
Jewellery
 a - a ring of see invisible
 o - a ring of ice
 A - a +6 ring of dexterity (right hand)
 F - a ring of willpower (left hand)
Wands
 G - a wand of acid (12)
Scrolls
 b - a scroll of vulnerability
 j - 3 scrolls of magic mapping
 m - 3 scrolls of amnesia
 p - a scroll of poison
 w - 2 scrolls of fog
 J - a scroll of teleportation {unknown}
Potions
 d - 3 potions of might
 f - a potion of berserk rage {unknown}
 h - a potion of curing
 k - a potion of degeneration
 l - 4 potions of attraction {unknown}
 n - 2 potions of flight {unknown}
 q - a potion of ambrosia {unknown}
 B - a potion of lignification {unknown}
 C - 2 potions of invisibility {unknown}


   Skills:
 - Level 3.6 Fighting
 - Level 8.5(11.3) Axes
 + Level 11.7(12.8) Maces & Flails
 - Level 3.6 Armour
 - Level 3.6 Shields


You had 8 spell levels left.
You didn't know any spells.
Your spell library contained the following spells:

 Spells                   Type           Power      Damage    Failure   Level
 Slow                     Hex            0%         N/A       100%        1
 Confusing Touch          Hex            0%         N/A       100%        3
 Vampiric Draining        Necr           0%         2d6       100%        3


Dungeon Overview and Level Annotations

Branches:
Dungeon (7/15)             Temple (1/1) D:4

Altars:
Fedhas
Hepliaklqana
Makhleb
Nemelex Xobeh
Qazlal
Ru
Sif Muna
Uskayaw
Vehumet
Wu Jian
Yredelemnul

Shops:
D:4 ?[(   D:5 !=


Innate Abilities, Weirdness & Mutations

You have a pair of horns on your head.
You reflexively headbutt those who attack you in melee.


Message History

The kobold brigand hits you but does no damage.
You slice the kobold brigand!! You freeze the kobold brigand!
You kill the kobold brigand!
You miss something. You headbutt something!!
An orc wizard appears from thin air!
Reactivating autopickup.
You block something's attack.
Deactivating autopickup; reactivate with Ctrl-A.
You feel better. Something hits you but does no damage.
You hit something. You freeze something. Something hits you but does no damage.
The orc wizard casts a spell at you.
The magic dart hits something.
Reactivating autopickup.
You feel a bit more experienced.
You slash the orc wizard! You freeze the orc wizard.
You headbutt the orc wizard.
You kill the orc wizard!
A wight comes into view. It is wielding a +1 halberd of venom.
You closely miss the orc. Your headbutt misses the orc. You hit the wight.
The orc hits you but does no damage. You block the wight's attack.
You closely miss the wight. Your headbutt misses the wight.
The wight is moderately damaged.
You slash the orc! You freeze the orc.
You kill the orc!
You block the wight's attack.
You barely miss the wight.
The wight is moderately damaged.
You slice the orc!! You freeze the orc.
You kill the orc!
The wight hits you with a +1 halberd of venom!
* * * LOW HITPOINT WARNING * * *
You are lethally poisoned!
The orc hits you but does no damage.
The wight hits you with a +1 halberd of venom!
* * * LOW HITPOINT WARNING * * *
You are more poisoned.
As you read the scroll labelled HETIHY MAFUL, it crumbles to dust.
The creatures around you are filled with an inner flame!
It was a scroll of immolation.
You die...

.. ... ..# ## ...#. #.#. ##
... .# #z#######.#
#.@o.[....# # ########..# ...
#..#
....#################.K###.#
...............o............#
.......<.....o########.######
##............# .#
#.........(..# ..
############## ..#


You could see a wight (inner flame) and an orc (inner flame).

Vanquished Creatures
  Grinder (D:5)
  Prince Ribbit (D:5)
  A human (D:3)
  A black bear (D:5)
  2 ice beasts (D:5)
  2 centaurs (D:5)
  A phantom (D:5)
  A kobold brigand (D:7)
  2 necrophages (D:6)
  2 scorpions
  A howler monkey (D:4)
  4 hounds
  4 orc priests
  2 jellies
  An iguana (D:4)
  2 orc wizards
  12 adders
  6 gnolls
  A white imp (D:5)
  5 worms
  A dart slug (D:4)
  15 orcs
  6 ball pythons
  8 bats
  5 endoplasms
  4 giant cockroaches
  10 goblins
  10 hobgoblins
  7 jackals
  5 quokkas
  2 frilled lizards
  A goblin skeleton (D:3)
  11 kobolds
  2 rats
139 creatures vanquished.

Vanquished Creatures (others)
  A sky beast (D:7)
1 creature vanquished.

Grand Total: 140 creatures vanquished

Notes
Turn   | Place    | Note
-------+----------+-------------------------------------------
     0 | D:1      | NinjaNoafa the Minotaur Fighter began the quest for the
                  | Orb.
     0 | D:1      | Reached XP level 1. HP: 19/19 MP: 0/0
    97 | D:1      | Found a faded altar of an unknown god.
   376 | D:1      | Reached XP level 2. HP: 21/26 MP: 1/1
   891 | D:2      | Reached XP level 3. HP: 24/31 MP: 2/2
  1115 | D:2      | Reached skill level 5 in Axes
  1623 | D:2      | Reached XP level 4. HP: 36/39 MP: 3/3
  2727 | D:3      | Reached XP level 5. HP: 28/45 MP: 4/4
  3114 | D:3      | Found a runed translucent door.
  3114 | D:3      | Noticed a human
  3119 | D:3      | Found a basalt altar of Yredelemnul.
  3133 | D:3      | Killed a human
  3134 | D:3      | Reached XP level 6. HP: 48/51 MP: 5/5
  3436 | D:4      | Found Rorig's Armour Shoppe.
  3436 | D:4      | Found Cifoablo's Magic Scroll Boutique.
  3468 | D:4      | Found Naoji's Weapon Shop.
  3517 | D:4      | Bought a scroll of identify for 22 gold pieces
  3532 | D:4      | Reached skill level 1 in Maces & Flails
  3611 | D:4      | Reached skill level 2 in Maces & Flails
  3659 | D:4      | Reached skill level 3 in Maces & Flails
  3659 | D:4      | Reached XP level 7. HP: 56/57 MP: 6/6
  3766 | D:4      | Found a staircase to the Ecumenical Temple.
  3776 | Temple   | Entered the Ecumenical Temple
  4201 | D:5      | Entered Level 5 of the Dungeon
  4230 | D:5      | Noticed Prince Ribbit
  4232 | D:5      | Reached skill level 4 in Maces & Flails
  4245 | D:5      | Killed Prince Ribbit
  4246 | D:5      | Reached skill level 6 in Maces & Flails
  4303 | D:5      | Reached skill level 7 in Maces & Flails
  4326 | D:5      | Found a shimmering blue altar of Sif Muna.
  4332 | D:5      | Reached XP level 8. HP: 53/64 MP: 7/7
  4427 | D:5      | Reached skill level 8 in Maces & Flails
  4654 | D:5      | Found a sparkling altar of Nemelex Xobeh.
  4660 | D:5      | Reached skill level 9 in Maces & Flails
  4763 | D:5      | Found Zackit's Distillery.
  4770 | D:5      | Bought a potion of heal wounds for 70 gold pieces
  4798 | D:5      | Noticed Grinder
  4798 | D:5      | Paralysed by Grinder for 4 turns
  4810 | D:5      | Killed Grinder
  4811 | D:5      | Reached skill level 10 in Maces & Flails
  4913 | D:5      | Found Poggedem's Jewellery Boutique.
  5373 | D:6      | Reached skill level 11 in Maces & Flails
  5703 | D:6      | Reached XP level 9. HP: 47/70 MP: 8/8
  5710 | D:6      | HP: 3/70 [gnoll sergeant/+1 trident of flaming (3)]
  5751 | D:7      | Succumbed to a wight's poison

Illustrated notes

Levels and vault maps discovered:
D:1:      matt_arrival_refuge, layout_loops_ring,
          hellmonk_ecumenical_altar_inner_sanctum, grunt_decor_fettered
D:2:      kennysheep_the_goblin_king, layout_loops_cross,
          serial_co_window_serial, co_window_paths_b, co_window_paths_a,
          co_window_corner_a, co_window_paths_b, co_window_corner_a,
          co_window_paths_a, co_window_corner_a, co_window_paths_a,
          co_window_paths_a, co_window_broadway_b, co_window_paths_c,
          co_window_paths_c, co_window_corner_cb, co_window_unsneaky_path_a,
          glass_columns_c, glass_columns_c, glass_columns_c,
          minmay_pentomino_pile
D:3:      layout_rooms, dk_yredelemnul_ordeal, grunt_ministairs_5, st_stairs_3
D:4:      layout_cave_pools, minmay_temple_entry_antechambers, serial_shops,
          nicolae_stop_n_shop_1, shop, shop
D:5:      layout_loops_ring, mainiacjoe_overflow_paths, kennysheep_little_box,
          serial_shops, kennysheep_mini_moat, nicolae_shop_statue_plus,
          uniq_prince_ribbit1, uniq_grinder
D:6:      lemuel_slime, layout_basic, nicolae_overflow_hallway_of_the_gods,
          mainiacjoe_overflow_two_lobes, nicolae_elevator_lobby_plus,
          uniq_eustachio
D:7:      layout_basic, item_on_display_a, uniq_joseph
Temple:   hellmonk_temple_flake

Skill      XL: |  1  2  3  4  5  6  7  8 |
---------------+-------------------------+-----
Axes           | 3 4 5 6 8 |  8.5
Maces & Flails | 3 7 11 | 11.7
Fighting       | |  3.6
Armour         | |  3.6
Shields        | |  3.6

Action                   |  1- 3 |  4- 6 |  7- 9 || total
-------------------------+-------+-------+-------++-------
Melee: War axe           |    74 |    92 |   113 ||   279
       Headbutt          |     7 |    13 |    20 ||    40
  Use: Scroll            |       |     9 |     3 ||    12
       Potion            |       |       |     5 ||     5
Armor: Scale mail        |    47 |       |       ||    47
       Chain mail        |     7 |    60 |    56 ||   123
Dodge: Dodged            |    43 |    46 |    22 ||   111
Block: Buckler           |    23 |    31 |    15 ||    69
       Tower shield      |       |       |    40 ||    40
